Map: Defender's Landing LE

Players

VortiX - Winner!

  • Race: Zerg Zerg
  • Spawn Location: 1:00

Bly

  • Race: Zerg Zerg
  • Spawn Location: 7:00

Event: WCS Valencia 2017

VOD

Have the link to the VOD?

Description

Time

  • Played on: July 13, 2017, 9:34 a.m.
  • Length: 7:48

All games in this series

Show
View Real Time Build Order
Export as new Build Order

VortiX Zerg - Winner!

Build Orders: Pool First 

Get SALT Encoding   

  12  0:00  Drone  
  13  0:12  Overlord  
  13  0:17  Drone  
  14  0:30  Drone x2  
  16  0:40  Spawning Pool  
  15  0:44  Drone  
  15  0:48  Drone  
  17  0:57  Drone  
  18  1:13  Hatchery  
  17  1:18  Overlord  
  17  1:27  Queen  
  17  1:31  Zergling x2  
  20  1:34  Zergling x2  
  21  1:40  Zergling x2  
  22  1:52  Drone  
  23  2:02  Zergling x2  
  23  2:03  Queen  
  24  2:11  Zergling x2  
  25  2:22  Zergling x2  
  26  2:28  Zergling x2  
  24  2:38  Zergling x8  
  27  2:49  Hatchery  
  25  2:56  Zergling x2  
  26  3:02  Queen  
  27  3:12  Overlord  
  27  3:16  Drone x2  
  30  3:34  Drone x3  
  32  3:45  Hatchery  
  31  3:50  Drone x2  
  33  3:56  Overlord  
  33  4:01  Drone  
  34  4:03  Drone  
  36  4:10  Drone  
  36  4:14  Drone x2  
  38  4:19  Drone x2  
  38  4:20  Drone  
  38  4:23  Extractor  
  38  4:24  Extractor  
  39  4:27  Drone x2  
  41  4:33  Queen  
  41  4:38  Drone  
  44  4:44  Roach Warren  
  43  4:49  Drone x2  
  43  4:50  Drone  
  46  4:56  Overlord  
  46  4:58  Drone  
  46  4:59  Drone  
  48  5:03  Drone  
  48  5:05  Metabolic Boost  
  49  5:11  Overlord  
  49  5:15  Overlord  
  49  5:25  Overlord  
  49  5:26  Roach x2  
  53  5:33  Roach x2  
  59  5:35  Roach  
  59  5:38  Roach  
  59  5:39  Roach  
  63  5:44  Roach  
  63  5:47  Roach  
  67  5:50  Zergling x6  
  67  5:51  Zergling x2  
  67  5:58  Zergling x4, Roach  
  67  6:04  Zergling x6  
  69  6:06  Ravager  
  69  6:08  Zergling x4  
  73  6:11  Zergling x4  
  73  6:14  Zergling x4  
  73  6:17  Zergling x2  
  73  6:18  Zergling x2  
  79  6:21  Ravager  
  79  6:23  Zergling x4  
  82  6:26  Zergling x2  
  82  6:27  Zergling x2  
  82  6:31  Zergling x4  
  86  6:35  Zergling x4  
  86  6:36  Zergling x2  
  87  6:42  Zergling x8  
  82  6:47  Roach  
  82  6:48  Zergling x2  
  82  6:50  Zergling x4  
  82  6:56  Zergling x4  
  82  6:57  Zergling x4  
  77  7:07  Zergling x10  
  82  7:14  Zergling x2  
  82  7:15  Zergling x8  
  84  7:19  Zergling x2  
  77  7:25  Zergling x4  
Show
View Real Time Build Order
Export as new Build Order

Bly Zerg 

Build Orders: Pool First 

Get SALT Encoding   

  12  0:17  Spawning Pool  
  11  0:21  Drone  
  12  0:29  Drone  
  12  0:31  Drone  
  14  0:41  Overlord  
  14  1:04  Zergling x4  
  16  1:05  Zergling x2  
  17  1:16  Zergling x2  
  18  1:20  Hatchery  
  17  1:26  Zergling x2  
  18  1:34  Queen  
  20  1:41  Zergling x2  
  21  1:48  Zergling x2  
  22  1:58  Overlord  
  22  2:16  Queen  
  24  2:29  Drone  
  24  2:30  Drone  
  24  2:33  Drone x2  
  25  2:38  Queen  
  25  2:41  Drone  
  25  2:45  Drone  
  25  2:46  Drone  
  27  2:54  Spine Crawler  
  26  3:03  Extractor  
  26  3:04  Zergling x6  
  28  3:11  Zergling x4  
  29  3:22  Zergling x4  
  31  3:31  Queen  
  35  3:41  Drone  
  35  3:42  Overlord  
  34  4:08  Drone x5  
  34  4:09  Drone x3  
  42  4:14  Drone x2  
  44  4:19  Metabolic Boost, Overlord  
  44  4:34  Extractor  
  44  4:36  Roach Warren  
  44  4:37  Evolution Chamber  
  41  4:41  Drone x4  
  44  4:46  Drone x2  
  46  5:03  Zergling x12  
  52  5:18  Overlord  
  52  5:21  Hatchery  
  51  5:32  Zerg Missile Weapons Level 1, Overlord  
  51  5:42  Drone x3  
  54  5:43  Drone x2, Overlord  
  54  5:45  Drone x2  
  54  5:46  Drone  
  59  5:56  Overlord  
  47  6:05  Roach x5  
  47  6:08  Roach  
  59  6:16  Roach x3  
  59  6:17  Roach  
  67  6:23  Roach  
  69  6:26  Roach  
  69  6:28  Ravager x2  
  69  6:30  Roach  
  66  6:47  Roach  
  66  6:48  Roach x3  
  68  6:55  Queen x2, Zergling x8, Roach  
  68  7:01  Queen  
  67  7:03  Roach  
  65  7:14  Roach  
  65  7:15  Roach x2  
  59  7:20  Zergling x4  
  51  7:26  Roach  
Tags
 
Add a new tag
Caveats
  • Supply blocks, unpowered buildings, or Contaminate may cause inaccurate times.
  • Supply counts are checked every 10 seconds.